 Dungeon Crawl Stone Soup version 0.16-a0-3889-g45dc0c2 (webtiles) character file.

51 timbw the Magician (level 4, 0/30 HPs)
             Began as a Human Wizard on Feb 3, 2015.
             Slain by a black bear (3 damage)
             ... on level 5 of the Dungeon.
             The game lasted 00:05:35 (1111 turns).

timbw the Magician (Human Wizard)                   Turns: 1111, Time: 00:05:35

Health: 0/30       AC: 10    Str:  7    XL:     4   Next: 5%
Magic:  2/10       EV: 11    Int: 20    God:
Gold:   61         SH:  0    Dex: 11    Spells: 2 memorised, 7 levels left

rFire  . . .     SeeInvis .     e - +1 dagger (protect)
rCold  . . .     Clarity  .     j - +0 leather armour
rNeg   . . .     SustAb   .     (no shield)
rPois  .         Gourm    .     b - +1 hat
rElec  .         Spirit   .     k - +0 cloak
rCorr  .         Warding  .     (no gloves)
rMut   .         Stasis   .     (no boots)
MR     .....                    (no amulet)
Stlth  ++........               (no ring)
                                (no ring)

@: not resistant to hostile enchantments, unstealthy
A: no striking features
a: no special abilities


You were on level 5 of the Dungeon.
You were not hungry.

You visited 1 branch of the dungeon, and saw 5 of its levels.

You collected 61 gold pieces.

Inventory:

Hand weapons
 e - a +1 dagger of protection (weapon)
 g - a +0 dagger
 n - a +1 blowgun
Missiles
 o - 12 poisoned needles
 r - 5 steel tomahawks (quivered)
Armour
 a - a +0 robe
 b - a +1 hat (worn)
 j - a +0 leather armour (worn)
 k - a +0 cloak (worn)
Jewellery
 l - an uncursed ring of ice
Scrolls
 h - 5 scrolls of identify
 i - a scroll of immolation
Books
 c - a book of Minor Magic

   Spells                             Type                      Level
   a - Magic Dart                     Conjuration                  1
   b - Blink                          Translocation                2
   c - Call Imp                       Summoning                    2
   d - Repel Missiles                 Charms/Air                   2
   e - Slow                           Hexes                        2
   f - Conjure Flame                  Conjuration/Fire             3
   g - Mephitic Cloud                 Conjuration/Poison/Air       3
Comestibles
 d - 3 bread rations
 f - a beef jerky
 m - 2 chunks of flesh


   Skills:
 - Level 2.0 Dodging
 - Level 2.0 Stealth
 + Level 3.9 Spellcasting
 - Level 1.0 Conjurations
 + Level 2.2 Summonings
   Level 1.0 Translocations


You had 7 spell levels left.
You knew the following spells:

 Your Spells              Type           Power        Failure   Level  Hunger
a - Magic Dart            Conj           #...         14%         1    None
b - Call Imp              Summ           ##......     14%         2    ##.....


Dungeon Overview and Level Annotations

Branches:
Dungeon (5/15)
 Temple: D:4-7

Altars:
Elyvilon
Makhleb

Annotations:
D:3 timbw's ghost, weakling HuWz


Message History

Found a burning altar of Makhleb.
An iron imp comes into view.
The iron imp shouts!
The black bear bites your iron imp!
Your iron imp dies!
The black bear bites you. The black bear barely misses you.
The black bear claws you.
* * * LOW HITPOINT WARNING * * *
The black bear bites you.
* * * LOW HITPOINT WARNING * * *
The black bear claws you.
* * * LOW HITPOINT WARNING * * *
The black bear barely misses you.
Casting: Call Imp
Confirm with . or Enter, or press ? or * to list all spells.
A beastly little devil appears in a puff of flame.
The black bear bites you but does no damage.
The black bear claws you but does no damage.
The black bear claws you.
You die...

#.......§≈....
#.....§..§≈≈≈.
#.........≈≈≈
#........5...
#.########### #5#
#.# #h#
#@################
#.5..............#
###########......#
#......# ###...##
#.#...
#######.####
#...........
#...........


You could see a black bear, an iron imp and a friendly crimson imp.

Vanquished Creatures
  A hound skeleton (D:5)
  An adder (D:3)
  An orc (D:3)
  2 bats
  4 hobgoblins
  2 giant newts
  3 kobolds
  2 rats
16 creatures vanquished.

Vanquished Creatures (collateral kills)
  A hound zombie (D:5)
  An adder (D:5)
  An orc (D:5)
  2 jackals (D:5)
  A goblin (D:5)
  A kobold (D:5)
  A quokka skeleton (D:5)
  A rat (D:5)
9 creatures vanquished.

Vanquished Creatures (others)
  2 crimson imps
  An iron imp (D:5)
  3 white imps
6 creatures vanquished.

Grand Total: 31 creatures vanquished

Notes
Turn   | Place    | Note
--------------------------------------------------------------
     0 | D:1      | timbw, the Human Wizard, began the quest for the Orb.
     0 | D:1      | Reached XP level 1. HP: 13/13 MP: 4/4
   145 | D:1      | Reached XP level 2. HP: 17/19 MP: 0/6
   159 | D:1      | Learned a level 2 spell: Call Imp
   288 | D:4      | Noticed a scorpion
   347 | D:3      | Found a white marble altar of Elyvilon.
   564 | D:3      | Noticed timbw's ghost (weakling HuWz)
   618 | D:3      | Reached XP level 3. HP: 18/24 MP: 1/8
   654 | D:3      | Noticed a sky beast
   765 | D:5      | Entered Level 5 of the Dungeon
  1023 | D:5      | Noticed a black bear
  1077 | D:5      | Reached XP level 4. HP: 12/30 MP: 0/10
  1085 | D:5      | Found a burning altar of Makhleb.
  1111 | D:5      | Slain by a black bear

Action                   |  1- 3 |  4- 6 || total
-------------------------+-------+-------++-------
Melee: Dagger            |    32 |       ||    32
 Cast: Magic Dart        |    37 |       ||    37
       Call Imp          |    19 |     1 ||    20
  Use: Scroll            |     4 |       ||     4
       Potion            |     1 |       ||     1
  Eat: Chunk             |     1 |       ||     1
